 Dungeon Crawl Stone Soup version 0.26.0-20-g3ca415f5b8 (webtiles) character file.

Game seed: 14693438816305069457

2172 kaeus the Destroyer (level 9, -11/45 HPs)
             Began as a Gargoyle Fire Elementalist on Jan 26, 2021.
             Was a Follower of the Shining One.
             Mangled by an orc warrior
             ... wielding a +1 flail of draining
              (15 damage)
             ... on level 7 of the Dungeon.
             The game lasted 00:10:16 (10920 turns).

kaeus the Destroyer (Gargoyle Fire Elementalist)   Turns: 10920, Time: 00:10:16

Health: -11/45     AC: 17    Str: 12    XL:     9   Next: 32%
Magic:  0/16       EV: 11    Int: 16    God:    the Shining One [*.....]
Gold:   449        SH:  0    Dex: 16    Spells: 5/18 levels left

rFire    + + .     SeeInvis .   A - +1 falchion of Satyriasis {vorpal, +Blink rF++ rC+++ Int-3}
rCold    + + +     Faith    .   (no shield)
rNeg     + . .     Spirit   +   n - +0 ring mail
rPois    ∞         Reflect  .   g - +0 helmet
rElec    +         Harm     .   v - +2 cloak
rCorr    .         Rampage  .   q - +0 pair of gloves
Will     .....                  r - +0 pair of boots
Stlth    +.........             a - amulet of guardian spirit
HPRegen  0.15/turn              w - +6 ring of dexterity
MPRegen  0.15/turn              y - ring of wizardry

@: brilliant, attractive, glowing
A: negative energy resistance 1, electricity resistance, unbreathing,
petrification resistance, miasma immunity, AC +6
a: Renounce Religion, Evoke Blink


You were on level 7 of the Dungeon.
You worshipped the Shining One.
The Shining One was aware of your devotion.
You visited 2 branches of the dungeon, and saw 9 of its levels.

You collected 449 gold pieces.

Inventory:

Hand Weapons
 b - a +2 dagger
 A - the +1 falchion of Satyriasis (weapon) {vorpal, +Blink rF++ rC+++ Int-3}
   (You found it on level 7 of the Dungeon)

   It inflicts extra damage upon your enemies.
   It affects your intelligence (-3).
   It greatly protects you from fire.
   It renders you almost immune to cold.
   It lets you blink.
Armour
 g - a +0 helmet (worn)
 n - a +0 ring mail (worn)
 q - a +0 pair of gloves (worn)
 r - a +0 pair of boots (worn)
 v - a +2 cloak (worn)
Jewellery
 a - an amulet of guardian spirit (around neck)
 d - an uncursed amulet of the acrobat
 h - an uncursed ring of see invisible
 j - a +6 ring of strength
 m - a +6 ring of dexterity
 w - a +6 ring of dexterity (left hand)
 x - an uncursed ring of protection from fire
 y - a ring of wizardry (right hand)
 D - an uncursed ring of stealth {unknown}
Wands
 u - a wand of paralysis (8)
Scrolls
 f - 2 scrolls of remove curse
 i - a scroll of enchant armour {unknown}
 l - 2 scrolls of fear {unknown}
 o - a scroll of fog {unknown}
 p - 3 scrolls of identify
 t - a scroll of blinking {unknown}
 C - a scroll of enchant weapon
Potions
 k - 2 potions of degeneration
 s - a potion of invisibility
 z - a potion of attraction


   Skills:
 - Level 1.5 Dodging
 - Level 2.1 Stealth
 + Level 5.2 Spellcasting
 * Level 8.4 Conjurations
 * Level 8.2 Fire Magic


You had 5 spell levels left.
You knew the following spells:

 Your Spells              Type           Power        Failure   Level
a - Foxfire               Conj/Fire      100%         1%          1
b - Conjure Flame         Conj/Fire      46%          1%          3
c - Sticky Flame          Conj/Fire      46%          4%          4
d - Fireball              Conj/Fire      23%          12%         5

Your spell library contained the following spells:

 Spells                   Type           Power        Failure   Level
 Inner Flame              Hex/Fire       26%          8%          3
 Animate Skeleton         Necr           12%          14%         1
 Apportation              Tloc           12%          14%         1
 Corona                   Hex            6%           14%         1
 Summon Small Mammal      Summ           24%          14%         1


Dungeon Overview and Level Annotations

Branches:
Dungeon (8/15)             Temple (1/1) D:5
   Lair: D:8-11

Altars:
Ashenzari
Cheibriados
Dithmenos
Elyvilon
Hepliaklqana
Kikubaaqudgha
Makhleb
Nemelex Xobeh
Okawaru
Qazlal
Ru
Sif Muna
Trog
Uskayaw
Vehumet
Xom
Yredelemnul
Zin
The Shining One

Annotations:
D:8 Maurice


Innate Abilities, Weirdness & Mutations

You are resistant to torment.
Your stone body is resilient. (AC +6)
You are immune to poison.
You resist negative energy. (rN+)
You are resistant to electric shocks. (rElec)
You can survive without breathing.
You are immune to petrification.
You are immune to miasma.


Message History

The orc warrior barely misses you.
You riposte.
You barely miss the orc warrior.
The orc warrior is severely wounded.
The orc priest hits you but does no damage.
You hit the orc warrior.
The orc warrior is almost dead.
The orc warrior barely misses you.
The orc priest hits you but does no damage.
Your ring mail prevents you from hitting the orc warrior.
The orc warrior is almost dead.
The orc priest mumbles some strange prayers to Beogh against you.
Beogh smites you! The Shining One protects you from harm!
The orc warrior hits you but does no damage.
You now have 0/16 mp.
You hit the orc warrior but do no damage.
The orc warrior is almost dead.
The orc priest closely misses you.
The orc warrior hits you with a +1 flail of draining!
You die...

....<#..............#
.....#..............#
.....#..[...##..##.##
.....+......########
.....#.......#...#
###+##..##..##...#
##..##..##..##..######
.....#...#..##..##...##
.....'...#..[))o@.....#
.....#...#.....o).....#
.....#...#............#
.....#...#............#
###+###.###.##..##..###########
###.#######'##..##'####.......#
......o...o...................#
..............................#
......o..............#..###...#


You could see an orc warrior and an orc priest.

Vanquished Creatures
  A black bear (D:5)
  6 ogres
  A centaur (D:5)
  6 bullfrogs
  A scorpion (D:4)
  2 bullfrog zombies
  A gnoll shaman (D:7)
  2 jellies
  A centaur skeleton (D:6)
  An orc priest (D:4)
  3 hounds
  4 orc wizards
  A bullfrog skeleton (D:7)
  4 iguanas
  Natasha (D:2)
  6 worker ants
  A hound skeleton (D:6)
  A worker ant zombie (D:5)
  3 gnolls (D:7)
  15 adders
  4 ufetubi
  2 oozes
  3 worms
  2 dart slugs
  5 leopard geckos
  23 orcs
  9 giant cockroaches
  9 goblins
  10 hobgoblins
  16 jackals
  7 kobolds
  3 quokkas
  A ball python (D:3)
  4 bats
  3 frilled lizards
  A leopard gecko zombie (D:6)
  11 rats
174 creatures vanquished.

Vanquished Creatures (others)
  559 foxfires
559 creatures vanquished.

Grand Total: 733 creatures vanquished

Notes
Turn   | Place    | Note
-------+----------+-------------------------------------------
     0 | D:1      | kaeus the Gargoyle Fire Elementalist began the quest for
                  | the Orb.
     0 | D:1      | Reached XP level 1. HP: 10/10 MP: 3/3
   344 | D:1      | Reached XP level 2. HP: 15/15 MP: 1/5
   860 | D:1      | Reached XP level 3. HP: 19/19 MP: 4/6
  2296 | D:2      | Noticed Natasha
  2301 | D:2      | Killed Natasha
  2302 | D:2      | Reached XP level 4. HP: 24/24 MP: 1/7
  3132 | D:2      | Reached XP level 5. HP: 28/28 MP: 3/9
  4993 | D:4      | Reached XP level 6. HP: 32/32 MP: 2/10
  5257 | D:4      | Reached skill level 5 in Fire Magic
  5978 | D:4      | Reached XP level 7. HP: 36/36 MP: 7/12
  6142 | D:4      | Reached skill level 5 in Conjurations
  6813 | D:5      | Entered Level 5 of the Dungeon
  7293 | D:4      | Learned a level 3 spell: Conjure Flame
  7298 | D:4      | Learned a level 4 spell: Sticky Flame
  7304 | D:4      | Learned a level 5 spell: Fireball
  7547 | D:5      | Reached XP level 8. HP: 22/41 MP: 10/14
  8484 | D:5      | Found a staircase to the Ecumenical Temple.
  8570 | Temple   | Entered the Ecumenical Temple
  8677 | Temple   | Became a worshipper of the Shining One
  9661 | D:6      | Reached XP level 9. HP: 45/45 MP: 12/16
 10112 | D:7      | Got a crude falchion
 10113 | D:7      | Identified the cursed +1 falchion of Satyriasis {vorpal,
                  | +Blink rF++ rC+++ Int-3} (You found it on level 7 of the
                  | Dungeon)
 10191 | D:7      | Reached * piety under the Shining One
 10373 | D:7      | Reached skill level 5 in Spellcasting
 10896 | D:8      | Noticed Maurice
 10911 | D:7      | HP: 2/45 [orc warrior/+1 flail of draining (7)]
 10915 | D:7      | The Shining One protects you from harm!
 10919 | D:7      | The Shining One protects you from harm!
 10920 | D:7      | Mangled by an orc warrior

Illustrated notes

Levels and vault maps discovered:
D:1:      amcnicky_arrival_wind_blow, layout_rooms, st_stairs_1
D:2:      layout_basic, uniq_natasha
D:3:      layout_basic
D:4:      layout_loops_ring
D:5:      black_bear_nest_1, layout_basic, minmay_temple_entry_antechambers
D:6:      layout_loops_corners, chequers_serial_rivers_micro_c,
          hangedman_decor_growths
D:7:      layout_gridville
D:8:      wander_river, layout_rooms, nicolae_overflow_hidden_temple,
          uniq_maurice
Temple:   regret_index_temple_chain_breaker

Skill      XL: |  1  2  3  4  5  6  7  8  9 |
---------------+----------------------------+-----
Conjurations   | 2 3 4 6 7 8 |  8.4
Fire Magic     | 4 5 6 7 8 |  8.2
Spellcasting   | 3 4 5 |  5.2
Dodging        | |  1.5
Stealth        | |  2.1

Action                   |  1- 3 |  4- 6 |  7- 9 || total
-------------------------+-------+-------+-------++-------
Melee: Dagger            |   114 |   135 |   260 ||   509
       Falchion          |       |       |    41 ||    41
 Cast: Foxfire           |    77 |   165 |   193 ||   435
       Fireball          |       |       |     1 ||     1
 Abil: Evoke Blink       |       |       |     1 ||     1
  Use: Scroll            |       |     1 |     5 ||     6
       Potion            |       |       |    13 ||    13
 Stab: Invisible         |       |       |     3 ||     3
Armor: Robe              |    43 |    10 |       ||    53
       Ring mail         |       |    46 |   181 ||   227
Dodge: Dodged            |    83 |    70 |   256 ||   409
       Rpst.: Falchion   |       |       |    14 ||    14
